 Dungeon Crawl Stone Soup version 0.23-a0-419-g0174fd8 (webtiles) character file.

15654 Geeful the Unseen (level 12, -1/124 HPs)
             Began as a Halfling Skald on Nov 11, 2018.
             Was a Priest of Dithmenos.
             Slain by a blink frog (6 damage)
             ... on level 1 of the Lair of Beasts.
             The game lasted 01:17:15 (16431 turns).

Geeful the Unseen (Halfling Skald)                 Turns: 16431, Time: 01:17:16

Health: -1/124     AC: 26    Str: 15    XL:     12   Next: 60%
Magic:  12/16      EV:  3    Int: 11    God:    Dithmenos [***...]
Gold:   406        SH:  0    Dex: 14    Spells: 12/17 levels left

rFire    . . .     SeeInvis .   B - +3 dagger (speed)
rCold    . . .     Gourm    .   (shield restricted)
rNeg     + + +     Faith    .   (armour currently unavailable)
rPois    +         Spirit   .   (helmet currently unavailable)
rElec    .         Reflect  .   (cloak currently unavailable)
rCorr    .         Harm     .   (gloves currently unavailable)
MR       .....     NoTele   +   (boots currently unavailable)
Stlth    +++++++++.             p - amulet of the acrobat
HPRegen  0.30/turn              o - ring of poison resistance
MPRegen  0.15/turn              s - +4 ring of slaying

@: tree-form, wreathed by umbra
A: small, clumsy 1, mutation resistance 1
a: Shadow Step, Renounce Religion


You were on level 1 of the Lair of Beasts.
You worshipped Dithmenos.
Dithmenos was most pleased with you.
You were hungry.
You were a tree.
You visited 3 branches of the dungeon, and saw 14 of its levels.

You collected 680 gold pieces.
You spent 274 gold pieces at shops.

Inventory:

Hand Weapons
 a - a +0 short sword of draining
 b - a +0 hunting sling
 B - a +3 dagger of speed (weapon)
 D - a +4 blowgun
 J - a +0 fustibalus
Missiles
 h - 314 stones (quivered)
 u - 170 sling bullets
 E - 21 poisoned needles
Armour
 e - a +0 helmet (melded)
 f - a +0 leather armour
 l - a cursed +0 pair of gloves (melded)
 q - a +2 cloak (melded)
 v - a +2 leather armour of cold resistance (melded)
Jewellery
 o - a ring of poison resistance (left branch)
 p - an amulet of the acrobat (around neck)
 s - a +4 ring of slaying (right branch)
Wands
 c - a wand of enslavement (1)
 k - a wand of clouds (5)
 n - a wand of digging (13)
 w - a wand of acid (13)
 y - a wand of flame (17)
 C - a wand of random effects (44)
 F - a wand of iceblast (14)
 I - a wand of paralysis (11)
Scrolls
 g - 6 scrolls of amnesia
 j - 2 scrolls of identify
 r - 2 scrolls of remove curse
 t - 7 scrolls of teleportation
 x - 6 scrolls of enchant weapon
 L - a scroll of torment
 M - a scroll of fear
 N - 2 scrolls of blinking
Potions
 m - a potion of curing
 z - a potion of might
 A - 2 potions of magic
 G - a potion of haste
 H - 2 potions of ambrosia
Comestibles
 d - 20 rations


   Skills:
 - Level 8.2 Fighting
 - Level 10.6 Short Blades
 - Level 6.6 Slings
 - Level 1.1 Armour
 - Level 2.1 Dodging
 + Level 15.4 Stealth
 - Level 3.1 Spellcasting
 - Level 5.1 Charms


You had 12 spell levels left.
You knew the following spells:

 Your Spells              Type           Power        Failure   Level  Hunger
a - Infusion              Chrm           ##..         3%          1    #......
b - Song of Slaying       Chrm           ##......     4%          2    ###....
c - Shroud of Golubria    Chrm/Tloc      #.........   14%         2    ###....

Your spell library contained the following spells:

 Spells                   Type           Power        Failure   Level  Hunger
 Beastly Appendage        Tmut           #.....       26%         1    #......
 Sandblast                Erth           #.....       26%         1    #......
 Regeneration             Chrm/Necr      #.........   26%         3    ###....
 Spectral Weapon          Hex/Chrm       #.......     26%         3    ###....
 Passwall                 Tmut/Erth      #.......     36%         2    ###....
 Sticks to Snakes         Tmut           #.......     36%         2    ###....
 Spider Form              Tmut/Pois      #.........   61%         3    ###....
 Stone Arrow              Conj/Erth      #.....       61%         3    ###....
 Ice Form                 Ice/Tmut       #.......     95%         4    #####..
 Petrify                  Tmut/Erth      #.......     95%         4    #####..
 Blade Hands              Tmut           #.........   100%        5    ######.
 Lee's Rapid Deconstruct  Erth           #.........   100%        5    ######.


Dungeon Overview and Level Annotations

Branches:
Dungeon (12/15)            Temple (1/1) D:5            Lair (1/6) D:9
    Orc: D:9-12

Altars:
Ashenzari
Cheibriados
Dithmenos
Elyvilon
Fedhas
Gozag
Hepliaklqana
Kikubaaqudgha
Makhleb
Nemelex Xobeh
Okawaru
Qazlal
Ru
Sif Muna
Trog
Uskayaw
Vehumet
Wu Jian
Xom
Yredelemnul
Zin
The Shining One

Shops:
D:5 ?   D:8 %   D:9 ?   D:10 :[%(

Portals:
Trove: D:11 (show abyssal rune of Zot)

Annotations:
D:3 AymanAU's ghost, amateur MiFi
D:5 Edmund
D:6 2 exclusions
D:12 Sonja
Lair:1 1 runed door, Terra's ghost, journeyman DsNe


Innate Abilities, Weirdness & Mutations

You are small and have problems with some larger weapons.
You are somewhat resistant to further mutation.
You are clumsy. (Dex -2)
((Your flesh is heat resistant. (rF+)))


Message History

Your song has ended.
The blink frog barely misses you.
The blink frog hits you but does no damage.
You puncture the blink frog!
The blink frog is almost dead.
You closely miss the blink frog.
The blink frog is almost dead.
The blink frog hits you but does no damage. x2
You puncture the blink frog!
You kill the blink frog!
Dithmenos accepts your kill.
You closely miss the blink frog.
The blink frog is lightly wounded.
The blink frog hits you but does no damage.
You closely miss the blink frog.
The blink frog is lightly wounded.
You miss the blink frog.
The blink frog is lightly wounded.
The blink frog hits you.
You die...

.### .#.#
..P#####...#######.......
...P##...................
#..###...................
.....#...................
'#.##....................
....##......#..........#
...#.#.....##...†.....##
...#.#.....###..♣F.....#
.⌠.......####..........#
.....#...# ##.........#
...#.#.### ##.........#
....#### #...........#
#...# ### ###...#....##
....#####.# #..........#
.###.##.⌠.## #.....###..#
.....#.....# ##...##⌠##..


You could see a blink frog.

Vanquished Creatures
  A vault guard (D:11)
  A two-headed ogre (D:11)
  2 ugly things
  Joseph (D:9)
  Maurice (D:8)
  A cyclops (D:11)
  A komodo dragon (Lair:1)
  A kobold demonologist (D:11)
  2 hornets
  7 blink frogs (Lair:1)
  5 hippogriffs
  A spriggan (D:8)
  3 wyverns
  A wraith (D:10)
  11 yaks
  A basilisk (D:9)
  Eustachio (D:7)
  A steam dragon (D:9)
  An acid dragon (D:11)
  2 water moccasins (Lair:1)
  A porcupine (Lair:1)
  A sky beast (D:10)
  4 ice beasts
  2 black bears
  3 orc warriors
  A phantom (D:4)
  5 necrophages
  5 ogres
  2 centaurs
  6 wolves (Lair:1)
  4 crocodiles
  3 big kobolds
  16 bullfrogs
  A water moccasin zombie (D:11)
  3 scorpions
  8 killer bees
  A howler monkey (D:9)
  An electric eel (D:12)
  A crimson imp (D:10)
  3 centaur zombies
  4 jellies
  A quasit (D:8)
  7 orc wizards
  4 orc priests
  3 bullfrog skeletons
  7 hounds
  3 iguanas
  4 worker ants
  A hound skeleton (D:4)
  Robin (D:2)
  8 gnolls
  10 adders
  3 shadow imps
  4 oozes
  4 worms
  3 dart slugs
  9 leopard geckos
  23 orcs
  6 bats
  3 giant cockroaches
  21 goblins
  23 hobgoblins
  10 jackals
  21 kobolds
  7 quokkas
  2 ball pythons
  7 frilled lizards
  A jackal zombie (D:8)
  9 rats
325 creatures vanquished.

Vanquished Creatures (others)
  3 orcs
  A bat (D:3)
  A quokka (D:7)
5 creatures vanquished.

Grand Total: 330 creatures vanquished

Notes
Turn   | Place    | Note
-------+----------+-------------------------------------------
     0 | D:1      | Geeful the Halfling Skald began the quest for the Orb.
     0 | D:1      | Reached XP level 1. HP: 14/14 MP: 3/3
    66 | D:1      | Reached XP level 2. HP: 4/19 MP: 0/4
   521 | D:1      | Reached XP level 3. HP: 22/24 MP: 5/5
   740 | D:1      | Learned a level 2 spell: Song of Slaying
   743 | D:1      | Learned a level 2 spell: Shroud of Golubria
  1019 | D:1      | Reached XP level 4. HP: 20/29 MP: 7/7
  1638 | D:2      | Noticed Robin
  1659 | D:2      | Killed Robin
  2085 | D:2      | Noticed a hand axe
  2087 | D:2      | Noticed a hand axe
  2091 | D:2      | Found a hide-covered altar of Uskayaw.
  2099 | D:2      | Reached XP level 5. HP: 32/35 MP: 8/8
  2173 | D:2      | Found a shimmering altar of Xom.
  2222 | D:2      | Found a shimmering altar of Xom.
  2228 | D:2      | Found a shimmering altar of Xom.
  2228 | D:2      | Found a shimmering altar of Xom.
  2230 | D:2      | Found a shimmering altar of Xom.
  2230 | D:2      | Found a shimmering altar of Xom.
  2233 | D:2      | Found a shimmering altar of Xom.
  2233 | D:2      | You fall through a shaft for 2 floors!
  2414 | D:4      | Noticed a phantom
  2555 | D:3      | Reached XP level 6. HP: 29/42 MP: 3/9
  2833 | D:3      | Found a transporter.
  4073 | D:3      | Found a transporter.
  4075 | D:3      | Noticed an ogre
  4075 | D:3      | Noticed AymanAU's ghost (amateur MiFi)
  4076 | D:3      | Noticed an ogre
  4078 | D:3      | Noticed an ogre
  4284 | D:4      | Killed a phantom
  4284 | D:4      | Reached skill level 5 in Charms
  4284 | D:4      | Reached XP level 7. HP: 24/46 MP: 11/11
  4663 | D:4      | Found a glowing golden altar of the Shining One.
  4663 | D:4      | Found a shattered altar of Ashenzari.
  4886 | D:4      | Gained mutation: You have a pair of small horns on your
                  | head. [potion of mutation]
  4909 | D:5      | Entered Level 5 of the Dungeon
  4916 | D:5      | Found a stormy altar of Qazlal.
  5039 | D:5      | HP: 2/46 [something/magic dart (7)]
  5533 | D:5      | Reached skill level 1 in Slings
  5542 | D:5      | Found Ogioq's Magic Scroll Boutique.
  5569 | D:5      | Found a staircase to the Ecumenical Temple.
  5571 | D:5      | Bought a scroll of teleportation for 39 gold pieces
  5571 | D:5      | Bought a scroll of identify for 26 gold pieces
  5571 | D:5      | Bought a scroll of identify for 26 gold pieces
  5571 | D:5      | Bought a scroll of identify for 26 gold pieces
  5571 | D:5      | Bought a scroll of fear for 45 gold pieces
  5588 | Temple   | Entered the Ecumenical Temple
  5984 | D:5      | Found a basalt altar of Yredelemnul.
  5992 | D:5      | Found an iron altar of Okawaru.
  6393 | D:5      | Found a glowing silver altar of Zin.
  6709 | D:5      | Noticed Edmund
  6950 | D:6      | Reached skill level 5 in Slings
  6950 | D:6      | Reached XP level 8. HP: 43/53 MP: 8/12
  7137 | D:6      | Noticed Eustachio
  7429 | D:6      | Reached skill level 5 in Short Blades
  8091 | D:7      | Noticed a hippogriff
  8302 | D:7      | Killed Eustachio
  8302 | D:7      | Reached skill level 5 in Fighting
  8302 | D:7      | Reached XP level 9. HP: 33/60 MP: 8/13
  8452 | D:7      | Noticed a gargoyle
  8455 | D:7      | Killed a hippogriff
  8630 | D:7      | Found a radiant altar of Vehumet.
  8806 | D:7      | Noticed a cyclops
  9081 | D:8      | Found a shadowy altar of Dithmenos.
  9086 | D:8      | Became a worshipper of Dithmenos the Shadowed
  9511 | D:8      | Noticed Maurice
  9828 | D:8      | Found Lankuola's Food Shop.
 10051 | D:8      | Killed Maurice
 10051 | D:8      | Reached XP level 10. HP: 57/71 MP: 8/14
 10282 | D:8      | Reached skill level 10 in Short Blades
 10390 | D:8      | Reached * piety under Dithmenos
 10569 | D:9      | Found Vuyqaom's Magic Scroll Shoppe.
 10609 | D:9      | Reached skill level 1 in Stealth
 10612 | D:9      | Reached skill level 2 in Stealth
 10620 | D:9      | Reached skill level 3 in Stealth
 10681 | D:9      | Reached skill level 4 in Stealth
 10835 | D:9      | Reached skill level 5 in Stealth
 10857 | D:9      | Reached skill level 6 in Stealth
 10921 | D:9      | Bought a scroll of enchant weapon for 112 gold pieces
 10957 | D:9      | Found a snail-covered altar of Cheibriados.
 11111 | D:9      | Reached ** piety under Dithmenos
 11210 | D:9      | Reached skill level 7 in Stealth
 11218 | D:9      | Reached XP level 11. HP: 66/77 MP: 12/15
 11238 | D:9      | Reached skill level 8 in Stealth
 11545 | D:9      | Found a staircase to the Lair.
 11564 | D:9      | Lost mutation: You have a pair of small horns on your head.
                  | [potion of mutation]
 11564 | D:9      | Gained mutation: Your flesh is heat resistant. (rF+)
                  | [potion of mutation]
 11564 | D:9      | Gained mutation: You are clumsy. (Dex -2) [potion of
                  | mutation]
 11800 | D:9      | Noticed Joseph
 11828 | D:9      | Killed Joseph
 11828 | D:9      | Reached skill level 9 in Stealth
 11932 | D:10     | Entered Level 10 of the Dungeon
 11943 | D:10     | Found Joocw's Antique Weapon Boutique.
 12045 | D:10     | Reached skill level 10 in Stealth
 12432 | D:10     | Found Jeir's Food Boutique.
 12438 | D:10     | Reached skill level 11 in Stealth
 12452 | D:10     | Found Jeymueni's Book Emporium.
 12799 | D:10     | Found Zaumaj's Armour Shoppe.
 12910 | D:11     | Found a stormy altar of Qazlal.
 12992 | D:11     | Noticed a seven-headed hydra
 13045 | D:11     | Noticed a soul eater
 13253 | D:11     | Noticed a green ugly thing
 13260 | D:11     | Noticed a cyclops
 13263 | D:11     | Killed a green ugly thing
 13263 | D:11     | Reached *** piety under Dithmenos
 13263 | D:11     | Reached skill level 12 in Stealth
 13277 | D:11     | Killed a cyclops
 13285 | D:11     | Noticed a two-headed ogre
 13305 | D:11     | Killed a two-headed ogre
 13832 | D:11     | Noticed a vault guard
 13835 | D:11     | Killed a vault guard
 13835 | D:11     | Reached skill level 13 in Stealth
 13835 | D:11     | Reached XP level 12. HP: 83/83 MP: 16/16
 13841 | D:11     | Found a portal to a secret trove of treasure.
 14651 | D:12     | Reached skill level 14 in Stealth
 14660 | D:12     | Noticed a two-headed ogre
 14971 | D:12     | Noticed Sonja
 15057 | D:11     | HP: 2/83 [vampire mosquito (12)]
 15069 | D:11     | HP: 1/83 [vampire mosquito (9)]
 15250 | Lair:1   | Entered Level 1 of the Lair of Beasts
 15468 | Lair:1   | HP: 4/83 [wolf (2)]
 15892 | Lair:1   | Found a runed door.
 15892 | Lair:1   | Noticed Terra's ghost (journeyman DsNe)
 15941 | Lair:1   | Reached skill level 15 in Stealth
 16418 | Lair:1   | HP: 1/83 [blink frog (10)]
 16431 | Lair:1   | Slain by a blink frog

Vault maps used:
D:1:      dpeg_arrival_fog, serial_park_tiny_pond, minmay_octomino_c4
D:2:      xom_redecorated, dancing_weapons_uskayaw, glass_columns_a,
          minmay_misc_feat_encased, chequers_serial_rivers_room_a, uniq_robin
D:3:      cheibrodos_greedy_goblins, gammafunk_ghost_smash,
          hangedman_decor_clover_reticule, corexii_hall_statues_deadend
D:4:      chequers_temple_overflow_statue_of_worship, first_ration,
          portal_sewer_entry_d, hangedman_decor_opposing
D:5:      nicolae_overflow_hidden_temple, lemuel_round_altar, marbit_many_paths,
          old_standard_altar, minmay_temple_entry_butterflies, serial_shops,
          nicolae_shop_crystal, kennysheep_generic_room_8, uniq_edmund
D:6:      cheibrodos_two_vegetables, uniq_eustachio
D:7:      fiery_altar_vehumet, minmay_manual_mess
D:8:      serial_shops, shop, the_bakery, grunt_dithmenos_smoke_and_mirrors,
          uniq_maurice
D:9:      cheibrodos_worm_habitat, erik_lair_dragon, serial_shops,
          nicolae_shop_window_shopping, uniq_joseph
D:10:     serial_shops, shop, shop, kennysheep_little_box, shop, serial_glass,
          glass_columns_a, glass_columns_a, due_unseen_surprise,
          minmay_strange_pillars, item_on_display_a
D:11:     enter_trove_5, grunt_qazlal_sundering
D:12:     kennysheep_spiral_hall, orc_0_dummy, special_room, uniq_sonja
Temple:   minmay_temple_forest_path
Lair:1:   hellmonk_ghost_happy_afterlife, special_room, grunt_megastairs_1

Skill      XL: |  1  2  3  4  5  6  7  8  9 10 11 12 |
---------------+-------------------------------------+-----
Fighting       | 2 3 5 7 8 |  8.2
Short Blades   | 3 4 6 9 10 | 10.6
Spellcasting   | 2 3 |  3.1
Charms         | 4 5 |  5.1
Slings         | 5 6 |  6.6
Stealth        | 7 13 15 | 15.4
Armour         | |  1.1
Dodging        | |  2.1

Action                   |  1- 3 |  4- 6 |  7- 9 | 10-12 || total
-------------------------+-------+-------+-------+-------++-------
Melee: Short sword       |    91 |   302 |   230 |   597 ||  1220
       Headbutt          |       |       |    36 |    43 ||    79
       Dagger            |       |       |       |   110 ||   110
 Fire: Hunting sling     |       |       |   178 |       ||   178
Throw: Throwing net      |       |     1 |       |       ||     1
 Cast: Infusion          |     6 |    11 |    10 |    12 ||    39
       Song of Slaying   |     1 |     4 |     1 |    11 ||    17
       Shroud of Golubri |       |     6 |    18 |    23 ||    47
Evoke: Wand              |       |       |     8 |     1 ||     9
  Use: Scroll            |       |    10 |     7 |    11 ||    28
       Potion            |       |     6 |     7 |     7 ||    20
 Stab: Sleeping          |     1 |       |     1 |    21 ||    23
       Invisible         |       |     3 |       |       ||     3
       Distracted        |       |       |       |     1 ||     1
  Eat: Chunk             |     1 |    11 |    12 |    17 ||    41
       Ration            |       |       |     2 |     2 ||     4
Armor: Leather armour    |    20 |    64 |   116 |   154 ||   354
       Skin              |       |       |       |     4 ||     4
Dodge: Dodged            |    60 |   206 |   309 |   600 ||  1175

Table legend:
 A = Non-vault XP
 B = Vault XP
 C = Vault XP percentage of total XP
 D = Non-vault monster count
 E = Vault monster count
 F = Vault count percentage of total count
                 A         B        C        D         E       F
            +---------+---------+-------+---------+---------+-------
      Total |   17515 |    4849 |  21.7 |     271 |      55 |  16.9
            +---------+---------+-------+---------+---------+-------
        D:1 |      57 |      12 |  17.4 |      21 |       7 |  25.0
        D:2 |      77 |      36 |  31.9 |      28 |      12 |  30.0
        D:3 |     265 |      26 |   8.9 |      35 |      13 |  27.1
        D:4 |     169 |      13 |   7.1 |       7 |       1 |  12.5
        D:5 |     187 |      42 |  18.3 |       6 |       1 |  14.3
        D:6 |     708 |     185 |  20.7 |      19 |       3 |  13.6
        D:7 |     301 |     210 |  41.1 |      10 |       2 |  16.7
        D:8 |    1564 |     700 |  30.9 |      24 |       2 |   7.7
        D:9 |    2987 |    1343 |  31.0 |      50 |       7 |  12.3
       D:10 |    2845 |       0 |   0.0 |      25 |       0 |   0.0
       D:11 |    3839 |    1007 |  20.8 |      16 |       1 |   5.9
       D:12 |     566 |    1073 |  65.5 |       9 |       4 |  30.8
     Lair:1 |    3950 |     202 |   4.9 |      21 |       2 |   8.7
            +---------+---------+-------+---------+---------+-------
